 Dungeon Crawl Stone Soup version 0.29.1-15-g9cfb28693d (webtiles) character file.

Game seed: 18044474394995794768

160 Heoruswealwe the Conjurer (level 5, -2/42 HPs)
             Began as a Deep Elf Conjurer on Mar 7, 2023.
             Slain by an orc knight
             ... wielding a +0 war axe
             ... created by the fury of Okawaru
              (15 damage)
             ... on level 4 of the Dungeon.
             The game lasted 00:30:50 (2056 turns).

Heoruswealwe the Conjurer (Deep Elf Conjurer)       Turns: 2056, Time: 00:30:50

Health: -2/42      AC: 22    Str:  4    XL:     5   Next: 17%
Magic:  4/15       EV:  2    Int: 25    God:
Gold:   159        SH:  0    Dex: 13    Spells: 12/15 levels left

rFire   . . .      SeeInvis .   v - +8 dagger
rCold   . . .      Faith    .   (no shield)
rNeg    . . .      Spirit   .   (body armour currently unavailable)
rPois   +          Reflect  .   (helmet currently unavailable)
rElec   .          Harm     .   (cloak currently unavailable)
rCorr   .          Rampage  .   (gloves currently unavailable)
Will    .....      NoTele   +   (boots currently unavailable)
Stlth   ++........              j - amulet of regeneration
HPRegen 0.94/turn               m - ring of poison resistance
MPRegen 0.14/turn               (no ring)

@: brilliant, tree-form
A: stationary, stasis, torment immunity, boosted hp
a: no special abilities


You were on level 4 of the Dungeon.
You were a tree.
You visited 1 branch of the dungeon, and saw 4 of its levels.

You collected 159 gold pieces.

Inventory:

Hand Weapons
 v - a +8 dagger (weapon)
Armour
 a - a +0 robe (melded)
Magical Staves
 u - a staff of fire
Jewellery
 j - an amulet of regeneration (around neck)
 m - a ring of poison resistance (left branch)
Scrolls
 c - a scroll of fog {unknown}
 h - a scroll of poison {unknown}
 i - a scroll of immolation {unknown}
 k - a scroll of identify {unknown}
 l - a scroll of noise {unknown}
 n - a scroll of enchant armour {unknown}
 o - a scroll of torment {unknown}
 p - a scroll of vulnerability {unknown}
 q - a scroll of teleportation {unknown}
 r - a scroll of amnesia {unknown}
Potions
 e - 2 potions of heal wounds
 g - 4 potions of curing {unknown}
 s - a potion of flight {unknown}
 t - a potion of invisibility {unknown}


   Skills:
 - Level 2.4 Dodging
 - Level 2.4 Stealth
 + Level 5.5 Spellcasting
 + Level 5.9 Conjurations


You had 12 spell levels left.
You knew the following spells:

 Your Spells              Type           Power      Damage    Failure   Level
a - Magic Dart            Conj           100%       1d8       1%          1
b - Searing Ray           Conj           100%       2d8       1%          2

Your spell library contained the following spells:

 Spells                   Type           Power      Damage    Failure   Level
 Dazzling Flash           Conj/Hex       64%        N/A       7%          3
 Iskenderun's Battlesphe  Conj           53%        2d10      19%         5
 Fulminant Prism          Conj/Hex       16%        3d11      22%         4
 Iskenderun's Mystic Bla  Conj/Tloc      32%        2d8       22%         4
 Iron Shot                Conj/Erth      16%        9d4       98%         6
 Spellforged Servitor     Conj/Summ      16%        N/A       100%        7


Dungeon Overview and Level Annotations

Branches:
Dungeon (4/15)
 Temple: D:4-7

Altars:
Nemelex Xobeh
Okawaru

Shops:
D:2 =


Message History

The orc knight is almost dead.
The searing ray hits the troll!
The troll is almost dead.
The searing ray hits the gnoll.
The gnoll is severely wounded.
The searing ray hits the orc warrior.
The orc warrior is heavily wounded.
The orc knight hits you with a +0 war axe.
The searing ray hits the orc knight.
The orc knight is almost dead.
The searing ray hits the troll!
You kill the troll!
That felt strangely unrewarding.
The searing ray hits the gnoll!
You kill the gnoll!
That felt strangely unrewarding.
The searing ray hits the orc warrior!
The orc warrior is severely wounded.
The orc knight hits you with a +0 war axe.
Casting: Searing Ray (safe; 1% risk of failure)
Confirm with . or Enter, or press ? or * to list all spells.
Restarting spell: Searing Ray (safe; 1% risk of failure)
Press: ? - help, Shift-Dir - straight line, f/p - orc warrior
Aim: an orc warrior, wielding a +0 dire flail and wearing a +0 plate armour (severely wounded, durably summoned, strong, 83% to hit)
You feel a surge of power!
The searing ray hits the orc knight.
The orc knight is almost dead.
The searing ray misses the gnoll.
The searing ray hits the orc warrior.
The orc warrior is severely wounded. (Press . to maintain the ray.)
The orc knight hits you but does no damage.
The searing ray misses the orc knight.
The searing ray misses the gnoll.
The searing ray hits the orc warrior!
You kill the orc warrior!
That felt strangely unrewarding.
The orc knight hits you with a +0 war axe.
* * * LOW HITPOINT WARNING * * *
The searing ray hits the orc knight.
The orc knight is almost dead.
The searing ray hits the gnoll.
The gnoll is lightly wounded.
The orc knight hits you with a +0 war axe!
You die...

###.### #.....#
#.....# ##+# #.....#
#...# #.....# .....#
##.....### ......#
##.#...<..#
......$####....#.##.#
.......♣og.....#.##.#
.......####....#.##.#
......# #......##.#
.....# #.##.####.#
#...# #.##......#
##+# #.######### #.#
#.# #.#


You could see an orc knight and a gnoll.

Vanquished Creatures
  A troll (D:4)
  An orc warrior (D:4)
  A gnoll sergeant (D:4)
  6 gnolls
  5 adders
  3 dart slugs
  2 orcs
  6 endoplasms
  A giant cockroach (D:2)
  7 goblins
  8 hobgoblins
  3 jackals (D:3)
  2 quokkas (D:1)
  7 ball pythons
  8 bats
  6 frilled lizards
  5 kobolds
  7 rats
79 creatures vanquished.

Notes
Turn   | Place    | Note
-------+----------+-------------------------------------------
     0 | D:1      | Heoruswealwe the Deep Elf Conjurer began the quest for the
                  | Orb.
     0 | D:1      | Reached XP level 1. HP: 10/10 MP: 6/6
   271 | D:1      | Reached XP level 2. HP: 15/15 MP: 4/8
   276 | D:1      | Learned a level 2 spell: Searing Ray
   650 | D:2      | Found Inous's Jewellery Emporium.
   732 | D:2      | Reached skill level 5 in Conjurations
   732 | D:2      | Reached XP level 3. HP: 19/19 MP: 0/10
   977 | D:2      | Reached XP level 4. HP: 24/24 MP: 8/12
  1002 | D:2      | Found a faded altar of an unknown god.
  1069 | D:2      | Prayed at the altar of an unknown god.
  1069 | D:2      | Became a worshipper of Warmaster Okawaru
  1069 | D:2      | Reached * piety under Okawaru
  1071 | D:2      | Fell from the grace of Okawaru
  1230 | D:3      | Reached skill level 5 in Spellcasting
  1372 | D:3      | Found a sparkling altar of Nemelex Xobeh.
  1677 | D:3      | Reached XP level 5. HP: 28/28 MP: 12/14
  2026 | D:4      | Noticed an orc knight
  2026 | D:4      | Noticed an orc warrior
  2026 | D:4      | Noticed a troll
  2053 | D:4      | Killed a troll
  2055 | D:4      | Killed an orc warrior
  2056 | D:4      | Slain by an orc knight

Illustrated notes

Levels and vault maps discovered:
D:1:      roderic_crossed_star, layout_basic
D:2:      layout_rooms, serial_shops, shop, nicolae_ecumenical_snake_handling
D:3:      cheibrodos_greedy_goblins, layout_loops_ring,
          nemelex_diamond_rough_becter
D:4:      layout_loops_corners, temple_green, minmay_misc_feat_roman

Skill      XL: |  1  2  3  4 |
---------------+-------------+-----
Spellcasting   | 4 5 |  5.5
Conjurations   | 5 |  5.9
Dodging        | |  2.4
Stealth        | |  2.4

Action                   |  1- 3 |  4- 6 || total
-------------------------+-------+-------++-------
Melee: Short sword       |     2 |       ||     2
       Dagger            |       |     1 ||     1
 Cast: Magic Dart        |    62 |    59 ||   121
       Searing Ray       |     1 |    10 ||    11
Invok: Renounce Religion |       |     1 ||     1
  Use: Potion            |     1 |     4 ||     5
Armor: Robe              |     1 |     1 ||     2
       Skin              |       |     9 ||     9
Dodge: Dodged            |     6 |    20 ||    26
